 Dungeon Crawl Stone Soup version 0.28-a0-194-g42b4daccc1 (webtiles) character file.

Game seed: 9500807053490886984

28 SkeletonJelly the Slasher (level 2, 26/26 HPs)
             Began as a Draconian Monk on Aug 18, 2021.
             Was a Believer of Vehumet.
             Quit the game on level 1 of the Dungeon.
             The game lasted 00:02:02 (976 turns).

SkeletonJelly the Slasher (Draconian Monk)           Turns: 976, Time: 00:02:03

Health: 26/26      AC:  4    Str: 13    XL:     2   Next: 96%
Magic:  2/2        EV: 12    Int: 10    God:    Vehumet [**....]
Gold:   44         SH:  0    Dex: 13    Spells: 1/1 levels left

rFire   . . .      SeeInvis .   a - +0 falchion
rCold   . . .      Faith    .   (no shield)
rNeg    . . .      Spirit   .   (armour unavailable)
rPois   .          Reflect  .   (helmet restricted)
rElec   .          Harm     .   (no cloak)
rCorr   .          Rampage  .   (no gloves)
Will    .....                   (no boots)
Stlth   ++........              (no amulet)
HPRegen 0.08/turn               (no ring)
MPRegen 0.08/turn               (no ring)

@: no status effects
A: AC +4, unfitting armour, cold-blooded
a: Renounce Religion


You were on level 1 of the Dungeon.
You worshipped Vehumet.
Vehumet was pleased with you.
You visited 1 branch of the dungeon, and saw 1 of its levels.

You collected 44 gold pieces.

Inventory:

Hand Weapons
 a - a +0 falchion (weapon)
Missiles
 e - 14 poisoned darts (quivered)
Jewellery
 b - a ring of fire
Potions
 c - a potion of lignification {unknown}
 d - 2 potions of heal wounds {unknown}


   Skills:
 - Level 3.2 Fighting
 + Level 4.2 Long Blades
 - Level 2.6 Dodging
 - Level 1.7 Stealth


You had one spell level left.
You didn't know any spells.
Your spell library was empty.

Dungeon Overview and Level Annotations

Branches:
Dungeon (1/15)

Altars:
Vehumet


Innate Abilities, Weirdness & Mutations

Your plain brown scales are hard. (AC +4)
You cannot fit into any form of body armour.
You are cold-blooded and may be slowed by cold attacks.


Message History

A hobgoblin comes into view.
A hobgoblin is nearby!
The helpless hobgoblin fails to defend itself.
You slash the hobgoblin!
You kill the hobgoblin!
No target in view!
No target in view!
No target in view!
No target in view!
A quokka and a giant cockroach come into view.
There are monsters nearby!
There are monsters nearby!
There are monsters nearby!
There are monsters nearby!
You barely miss the quokka. The quokka barely misses you.
The quokka closely misses you.
You riposte.
You closely miss the quokka. You tail-slap the quokka.
The quokka is moderately wounded.
You hit the quokka.
The quokka is heavily wounded.
The quokka closely misses you.
You riposte.
You miss the quokka. You tail-slap the quokka.
The quokka is almost dead.
You hit the quokka but do no damage.
Your tail-slap misses the quokka.
The quokka is almost dead.
The quokka barely misses you.
You riposte.
You closely miss the quokka.
The quokka is almost dead.
The giant cockroach barely misses you.
You hit the quokka but do no damage.
The quokka is almost dead.
The quokka misses you.
You riposte.
You barely miss the quokka.
The quokka is almost dead.
The giant cockroach misses you.
You riposte.
You barely miss the giant cockroach. The quokka closely misses you.
The giant cockroach bites you.
You take 1 damage, and have 25/26 hp.
You hit the quokka.
You kill the quokka!
The giant cockroach closely misses you.
You barely miss the giant cockroach. You tail-slap the giant cockroach.
The giant cockroach is moderately wounded.
The giant cockroach bites you but does no damage.
You hit the giant cockroach but do no damage.
The giant cockroach is moderately wounded.
The giant cockroach bites you but does no damage.
The giant cockroach closely misses you.
Health restored: 26 You barely miss the giant cockroach.
The giant cockroach is moderately wounded.
The giant cockroach misses you.
You hit the giant cockroach but do no damage.
You tail-slap the giant cockroach, but do no damage.
The giant cockroach is moderately wounded.
The giant cockroach bites you but does no damage.
You completely miss the giant cockroach.
The giant cockroach is moderately wounded.
The giant cockroach bites you but does no damage.
The giant cockroach barely misses you.
You barely miss the giant cockroach.
Your tail-slap misses the giant cockroach.
The giant cockroach is moderately wounded.
The giant cockroach misses you.
You closely miss the giant cockroach.
Your tail-slap misses the giant cockroach.
The giant cockroach is moderately wounded.
The giant cockroach misses you.
You hit the giant cockroach but do no damage.
You tail-slap the giant cockroach.
You kill the giant cockroach!
No target in view!
No target in view!
No target in view!
No target in view!
You see here a quokka corpse.
You see here a quokka corpse.
You see here a quokka corpse.
Key pressed, stopping explore.
Key pressed, stopping explore.
Key pressed, stopping explore.
You see here a +0 club.
Key pressed, stopping explore.
Done exploring.
Done exploring.
Done exploring.
Done exploring.
Done exploring.
Done exploring.
Done exploring.
Done exploring.
Done exploring.
Done exploring.
Search for what [? for help]? .
You see here a +0 club.
There is a faded altar of an unknown god here.
You cannot tell which god this altar belongs to.
Convert to them anyway?
Vehumet accepts your prayer! Vehumet welcomes you!
You can now gain magical power from killing.
Vehumet offers you knowledge of Magic Dart.
Are you sure you want to abandon this character and quit the game? (Confirm with "yes".)

.# #...#.†. .# #...#.## .########
######## ###.#.##
........#######......#######....#
.>............'..................
.#.......)....#8......###########
.#.......(....#.......#
.#.......^.....8.8.8..#
##..............@.....#
.)........###8.8.8.8..#
...........####..÷....#
..............#..8....#
..............#.......#
..............#.......#
.........##'###.......#
.##########..########.# .#
#.........# #.#


There were no monsters in sight!

Vanquished Creatures
  A dart slug (D:1)
  2 ball pythons (D:1)
  2 giant cockroaches (D:1)
  5 goblins (D:1)
  2 hobgoblins (D:1)
  2 quokkas (D:1)
  2 frilled lizards (D:1)
  4 kobolds (D:1)
  3 rats (D:1)
23 creatures vanquished.

Notes
Turn   | Place    | Note
-------+----------+-------------------------------------------
     0 | D:1      | SkeletonJelly the Draconian Monk began the quest for the
                  | Orb.
     0 | D:1      | Reached XP level 1. HP: 19/19 MP: 1/1
   155 | D:1      | Reached XP level 2. HP: 23/26 MP: 2/2
   227 | D:1      | Found a faded altar of an unknown god.
   534 | D:1      | Reached skill level 4 in Long Blades
   975 | D:1      | Became a worshipper of Vehumet
   975 | D:1      | Reached * piety under Vehumet
   975 | D:1      | Offered knowledge of Magic Dart by Vehumet.
   975 | D:1      | Reached ** piety under Vehumet
   976 | D:1      | Quit the game

Illustrated notes

Levels and vault maps discovered:
D:1:      sevenhm_arrival_forest_fort_large_4, layout_basic,
          ebering_ecumenical_altar_ruins, minmay_misc_feat_four_crosses

Skill      XL: |  1  2 |
---------------+-------+-----
Long Blades    | 4 |  4.2
Fighting       | |  3.2
Dodging        | |  2.6
Stealth        | |  1.7

Action                   || total
-------------------------++-------
Melee: Falchion          ||    60
       Tailslap          ||    12
 Stab: Sleeping          ||     1
Armor: Skin              ||    24
Dodge: Dodged            ||    39
       Rpst.: Falchion   ||    13

Table legend: (Time is in decaauts)
 A = Elapsed time spent in this place.
 B = Non-inter-level travel time spent in this place.
 C = Inter-level travel time spent in this place.
 D = Time resting spent in this place.
 E = Time spent auto-exploring this place.
 F = Levels seen in this place.
 G = Mean time per level.
                   A        B        C        D        E       F      G
               +--------+--------+--------+--------+--------+-----+--------+
         Total |    982 |    923 |     59 |      0 |    760 |   1 |  982.0 |
       Dungeon |    982 |    923 |     59 |      0 |    760 |   1 |  982.0 |
               +--------+--------+--------+--------+--------+-----+--------+

Top non-repeatable levels by time:
     D:1: 982 daAuts
